AoeStats
← Dr Greencrack

Black Forest

509759329Analyzed
2v2 RM · 5d ago on Sep 27, 2026· 59m 59s· 4 players
Game mode
Random Map
Map size
Medium (4 player)
Population
200
Speed
Normal
Resources
Standard
Victory
Conquest
Starting age
Dark Age
Ending age
Imperial Age
RankedLock teamsTeams togetherTeam positionsShared explorationLock speedFull tech treeHidden civsTurbo modeCheats
Victory
Defeat
🇨🇱 Saxons · Chile
1086
+13
🇨🇱 Japanese · Chile
968
+17
🇨🇦 Teutons · Canada
1015
-15
🇨🇦 Ethiopians · Canada
1004
-15
Dr Greencrack
10:47 Loom
12:32 Feudal Age
14:06 Double-Bit Axe
19:33 Castle Age
19:42 Wheelbarrow
19:12 Stone Mining
23:09 Bow Saw
27:53 Elite Skirmisher
32:20 Fletching
32:31 Padded Archer Armor
44:55 Horse Collar
Iceman
6:50 Loom
12:47 Feudal Age
13:25 Feudal Age
17:52 Fletching
18:03 Padded Archer Armor
21:17 Castle Age
21:35 Crossbowman
31:12 Bodkin Arrow
37:29 Double-Bit Axe
37:27 Horse Collar
41:25 Leather Archer Armor
43:59 Bow Saw
45:50 Ballistics
48:14 Imperial Age
46:22 Wheelbarrow
45:32 Town Watch
47:22 Forging
47:13 Scale Mail Armor
48:28 Arbalester
49:19 Bracer
51:11 Chemistry
50:58 Conscription
Mitik0
0:43 Loom
14:37 Feudal Age
18:49 Gold Mining
21:17 Castle Age
20:32 Stone Mining
47:26 Horse Collar
56:22 Wheelbarrow
55:33 Town Watch
57:28 Fletching
57:54 Forging
57:45 Scale Mail Armor
58:02 Hand Cart
58:01 Heavy Plow
58:10 Treadmill Crane
58:40 Fortified Wall
58:42 Masonry
61:19 Imperial Age
59:52 Murder Holes
60:10 Fletching
McNulty
0:53 Loom
10:57 Feudal Age
12:03 Double-Bit Axe
11:42 Man-at-Arms
12:59 Arson
20:25 Castle Age
20:22 Padded Archer Armor
21:54 Bow Saw
22:23 Squires
23:47 Fletching
24:13 Horse Collar
24:55 Gold Mining
27:10 Bodkin Arrow
30:03 Leather Archer Armor
32:55 Ballistics
34:47 Treadmill Crane
38:10 Town Watch
41:35 Imperial Age
40:26 Wheelbarrow
42:21 Bracer
44:22 Coinage
44:23 Hand Cart
45:37 Chemistry
45:34 Gold Shaft Mining
45:43 Conscription
44:46 Cranequins
46:46 Siege Engineers
47:55 Capped Ram
48:40 Heavy Mounted Crossbowman
49:27 Thumb Ring
49:53 Ring Archer Armor
50:07 Masonry
49:27 Siege Ram
52:05 Scale Mail Armor
52:16 Forging
52:28 Gambesons
52:03 Elite Varangian Guard
53:02 Chain Mail Armor
53:14 Treadmill Crane
54:39 Iron Casting
55:16 Two-Man Saw
54:18 Heavy Plow
55:08 Block Printing
55:06 Redemption
55:33 Illumination
57:38 Hoardings
58:21 Architecture
59:20 Guard Tower
59:15 Arrowslits
Connection lost

Rejoining the realm…

Still unreachable

The connection could not be restored.

Session expired

The server has moved on; the page needs a fresh start.